 Dungeon Sprint DCSS version 0.19.5 (webtiles) character file.

15 equalderp2856 the Chiller (level 2, -2/15 HPs)
             Began as a Deep Elf Ice Elementalist on Apr 2, 2017.
             Was an Initiate of Gozag.
             Slain by a wight
             ... wielding a +1 short sword of freezing
              (6 damage)
             ... in the Dungeon (Sprint VII: "The Pits").
             The game lasted 00:02:31 (586 turns).

equalderp2856 the Chiller (DEIE)                     Turns: 586, Time: 00:02:31

Health: -2/15      AC:  2    Str:  5    XL:     2   Next: 34%
Magic:  1/8        EV: 13    Int: 19    God:    Gozag
Gold:   585        SH:  0    Dex: 15    Spells: 2 memorised, 5 levels left

rFire  . . .     SeeInvis .     x - staff of energy
rCold  . . .     Gourm    .     a - +0 robe
rNeg   . . .     Faith    .     (no shield)
rPois  .         Spirit   .     (no helmet)
rElec  .         Reflect  .     (no cloak)
rCorr  .         Harm     .     (no gloves)
MR     .....     NoTele   +     (no boots)
Stlth  ++........               (no amulet)
                                (no ring)
                                (no ring)

@: very slightly contaminated, drained
A: no striking features
a: Potion Petition, Call Merchant, Bribe Branch, Renounce Religion


You were in the Dungeon.
You worshipped Gozag.
Gozag was pleased with you.
You were not hungry.

You visited 1 branch You collected 585 gold pieces.

Inventory:

Hand Weapons
 j - a +2 dagger
 k - a +2 hand axe of freezing
 l - a +2 quarterstaff
 m - a +2 mace
 n - a +2 trident
 o - a +2 falchion
Missiles
 w - 13 stones (quivered)
Armour
 a - a +0 robe (worn)
Magical Staves
 x - an uncursed staff of energy (weapon)
Scrolls
 i - a scroll of blinking
 q - 3 scrolls of remove curse
 r - 5 scrolls of amnesia
 s - a scroll of summoning
 v - 2 scrolls of vulnerability
Potions
 d - a potion of curing
 e - a potion of heal wounds
 g - 4 potions of magic
 h - 3 potions of berserk rage
 p - 2 potions of invisibility
Books
 b - a book of Frost

   Spells                             Type                      Level
   a - Freeze                         Ice                          1
   b - Throw Frost                    Conjuration/Ice              2
   c - Ozocubu's Armour               Charms/Ice                   3
   d - Throw Icicle                   Conjuration/Ice              4
   e - Summon Ice Beast               Ice/Summoning                4
Comestibles
 c - 8 bread rations
 t - 40 fruits
 u - 7 meat rations


   Skills:
 + Level 0.1(0.0) Fighting
 + Level 3.1(2.8) Dodging
 + Level 3.1(2.8) Stealth
 + Level 0.1(0.0) Unarmed Combat
 + Level 3.7(3.4) Spellcasting
 + Level 1.1(0.8) Conjurations
 + Level 5.3(5.0) Ice Magic


You had 5 spell levels left.
You knew the following spells:

 Your Spells              Type           Power        Failure   Level  Hunger
a - Freeze                Ice            ###.         1%          1    None
b - Throw Frost           Conj/Ice       ##....       10%         2    None


Dungeon Overview and Level Annotations

Branches:
Dungeon (1/1)

Altars:
Ashenzari
Cheibriados
Dithmenos
Elyvilon
Fedhas
Gozag
Hepliaklqana
Kikubaaqudgha
Makhleb
Nemelex Xobeh
Okawaru
Qazlal
Ru
Sif Muna
Trog
Uskayaw
Vehumet
Xom
Yredelemnul
Zin
The Shining One
Beogh
Jiyva
Lugonu


Message History

The puff of frost hits the wight.
The wight completely resists.
The wight is lightly damaged.
Casting: Throw Frost
Confirm with . or Enter, or press ? or * to list all spells.
Aiming: Throw Frost
Press: ? - help, Shift-Dir - straight line, f/p - wight
Aim: a wight, wielding a short sword of freezing and wearing a robe (lightly damaged)
The puff of frost hits the wight.
The wight appears unharmed.
The wight is lightly damaged.
You feel yourself slow down.
You closely miss the wight.
The wight is lightly damaged.
The wight hits you with a short sword of freezing.
You feel drained. The wight freezes you.
* * * LOW HITPOINT WARNING * * *
You barely miss the wight.
The wight is lightly damaged.
The wight hits you with a short sword of freezing.
You die...
Your body crumbles into a pile of gold.

####################
$$ $
#...................
$
#..@z...............
$
#..################.
$ #..# #. $$ #..# #z
$ $$ #..# #. $ #..#
$ +. $ $ $ #..# #.
#..################.
############
................


You could see a wight.

Vanquished Creatures
  A ball python (D)
  8 jackals (D)
  A kobold (D)
  A frilled lizard (D)
  A rat (D)
12 creatures vanquished.

Notes
Turn   | Place    | Note
-------+----------+-------------------------------------------
     0 | D        | equalderp2856 the Deep Elf Ice Elementalist began the quest for the Orb.
     0 | D        | Reached XP level 1. HP: 10/10 MP: 6/6
   103 | D        | Found a radiant altar of Vehumet.
   103 | D        | Found a hide-covered altar of Uskayaw.
   103 | D        | Found an ancient bone altar of Kikubaaqudgha.
   103 | D        | Found a viscous altar of Jiyva.
   103 | D        | Found a hazy altar of Hepliaklqana.
   104 | D        | Found a bloodstained altar of Trog.
   104 | D        | Found a deep blue altar of Sif Muna.
   104 | D        | Found a sacrificial altar of Ru.
   104 | D        | Found a stormy altar of Qazlal.
   104 | D        | Found an iron altar of Okawaru.
   104 | D        | Found a sparkling altar of Nemelex Xobeh.
   104 | D        | Found an opulent altar of Gozag.
   104 | D        | Found a blossoming altar of Fedhas.
   104 | D        | Found a white marble altar of Elyvilon.
   104 | D        | Found a shadowy altar of Dithmenos.
   104 | D        | Found a snail-covered altar of Cheibriados.
   105 | D        | Found a glowing golden altar of the Shining One.
   105 | D        | Found a glowing silver altar of Zin.
   107 | D        | Found a roughly hewn altar of Beogh.
   107 | D        | Found a burning altar of Makhleb.
   107 | D        | Found a basalt altar of Yredelemnul.
   108 | D        | Found a shattered altar of Ashenzari.
   108 | D        | Found a corrupted altar of Lugonu.
   108 | D        | Found a shimmering altar of Xom.
   110 | D        | Became a worshipper of Gozag Ym Sagoz the Greedy
   165 | D        | Reached skill level 4 in Ice Magic
   231 | D        | Reached XP level 2. HP: 10/15 MP: 5/8
   235 | D        | Reached skill level 5 in Ice Magic
   458 | D        | Noticed a wight
   459 | D        | Noticed a wight
   459 | D        | Noticed a wight
   557 | D        | Learned a level 2 spell: Throw Frost
   586 | D        | Slain by a wight

Skill      XL: |  1  2 |
---------------+-------+-----
Ice Magic      | 4 5 |  5.3
Dodging        | 3 |  3.1
Stealth        | 3 |  3.1
Fighting       | |  0.1
Unarmed Combat | |  0.1
Spellcasting   | |  3.7
Conjurations   | |  1.1

Action                   || total
-------------------------++-------
Melee: Unarmed           ||     6
       Staff             ||    15
 Cast: Freeze            ||    15
       Throw Frost       ||     4
  Use: Potion            ||     1
 Stab: Sleeping          ||     1
Armor: Robe              ||     4
Dodge: Dodged            ||    29
